 Dungeon Crawl Stone Soup version 0.20.1-1-g8b1a95d (webtiles) character file.

109 vishdafish the Skirmisher (level 4, -2/29 HPs)
             Began as a Gargoyle Fighter on July 6, 2017.
             Killed from afar by an orc wizard (8 damage)
             ... with a magic dart
             ... on level 3 of the Dungeon.
             The game lasted 00:02:13 (1805 turns).

vishdafish the Skirmisher (Gargoyle Fighter)        Turns: 1805, Time: 00:02:14

Health: -2/29      AC: 10    Str: 21    XL:     4   Next: 89%
Magic:  4/4        EV:  7    Int:  8    God:
Gold:   111        SH:  9    Dex:  9    Spells: 3/3 levels left

rFire    . . .     SeeInvis .   a - +0 trident
rCold    . . .     Gourm    .   c - +0 shield
rNeg     + . .     Faith    .   b - +0 scale mail
rPois    ∞         Spirit   .   (no helmet)
rElec    +         Reflect  .   (no cloak)
rCorr    .         Harm     .   (no gloves)
MR       .....                  (no boots)
Stlth    ..........             (no amulet)
Regen    0.1/turn               (no ring)
MPRegen  0.1/turn               (no ring)

@: slowed, very slow
A: negative energy resistance 1, electricity resistance, unbreathing,
petrification resistance, rot immunity, AC +3
a: no special abilities


You were on level 3 of the Dungeon.
You were not hungry.

You visited 1 branch of the dungeon, and saw 3 of its levels.

You collected 111 gold pieces.

Inventory:

Hand Weapons
 a - a +0 trident (weapon)
Armour
 b - a +0 scale mail (worn)
 c - a +0 shield (worn)
Scrolls
 h - a scroll of fog {unknown}
 k - 2 scrolls of fear {unknown}
 l - 2 scrolls of identify {unknown}
 n - a scroll of noise {unknown}
 o - a scroll of magic mapping {unknown}
 p - a scroll of teleportation {unknown}
 s - a scroll of remove curse {unknown}
Potions
 d - a potion of might
 e - 6 potions of curing {unknown}
 g - a potion of agility
 i - a potion of resistance {unknown}
 j - 3 potions of heal wounds {unknown}
 m - 2 potions of degeneration {unknown}
Comestibles
 f - 2 bread rations
 q - 3 fruits


   Skills:
 + Level 4.2 Fighting
 * Level 3.0 Polearms
 + Level 3.9 Armour
 + Level 3.8 Shields


You had 3 spell levels left.
You didn't know any spells.

Dungeon Overview and Level Annotations

Branches:
Dungeon (3/15)

Altars:
Makhleb


Innate Abilities, Weirdness & Mutations

You are resistant to torment.
Your stone body is resilient. (AC +3)
You are immune to poison.
You resist negative energy. (rN+)
You are resistant to electric shocks. (rElec)
You can survive without breathing.
You are immune to petrification.
You are immune to rotting.


Message History

You block the orc wizard's attack. The orc wizard casts a spell at you.
You resist with some effort.
You closely miss the orc wizard.
The orc wizard is lightly wounded.
You block the orc wizard's attack.
The orc wizard gestures wildly while chanting.
The orc wizard blinks!
The orc wizard gestures at you while chanting.
The magic dart hits you!
You are too injured to fight recklessly!
The orc wizard casts a spell at you. The magic dart hits you!
* * * LOW HITPOINT WARNING * * *
You block the orc wizard's attack.
The orc wizard casts a spell.
The orc wizard blinks!
The orc wizard gestures at you while chanting.
The magic dart hits you!
You die...

# #..# # .###. #..#
.# .....###..###.#.
##.............
#....).......# #
#.#.##.?.....#.# #
#........###.#.#.#
#...o....###.#.#.#
.........@........#
..................#
##..........†.....#
#.#########......#
#. ##<......#
#.#######....(..##
........÷[......#
.#######.......##
##......#


You could see an orc wizard.

Vanquished Creatures
  Natasha (D:3)
  3 adders (D:2)
  A worm (D:2)
  A dart slug (D:2)
  2 leopard geckos
  3 orcs (D:3)
  A ball python (D:2)
  A giant cockroach (D:1)
  3 goblins (D:2)
  9 hobgoblins
  4 jackals (D:2)
  2 quokkas
  3 bats
  4 frilled lizards (D:2)
  5 kobolds
  3 rats
46 creatures vanquished.

Notes
Turn   | Place    | Note
-------+----------+-------------------------------------------
     0 | D:1      | vishdafish the Gargoyle Fighter began the quest for the Orb.
     0 | D:1      | Reached XP level 1. HP: 14/14 MP: 1/1
   198 | D:1      | Reached XP level 2. HP: 19/19 MP: 2/2
   698 | D:2      | Reached XP level 3. HP: 20/24 MP: 3/3
  1009 | D:2      | Reached skill level 4 in Fighting
  1009 | D:2      | Reached XP level 4. HP: 20/29 MP: 4/4
  1372 | D:2      | Found a burning altar of Makhleb.
  1372 | D:2      | Noticed a green death
  1375 | D:2      | Noticed a hellwing
  1375 | D:2      | Noticed a smoke demon
  1583 | D:3      | Noticed Natasha
  1768 | D:3      | Killed Natasha
  1805 | D:3      | Killed from afar by an orc wizard

Skill      XL: |  1  2  3  4 |
---------------+-------------+-----
Polearms       | 2 3 |  3.0
Fighting       | 4 |  4.2
Armour         | |  3.9
Shields        | |  3.8

Action                   |  1- 3 |  4- 6 || total
-------------------------+-------+-------++-------
Melee: Trident           |   139 |   101 ||   240
  Eat: Chunk             |       |     3 ||     3
Armor: Scale mail        |    82 |    52 ||   134
Dodge: Dodged            |    60 |    32 ||    92
Block: Shield            |    70 |    61 ||   131
